 Dungeon Crawl Stone Soup version 0.17-a0-1133-gfb1399f (webtiles) character file.

14 Hanyuu the Insei (level 2, -1/18 HPs)
             Began as an Octopode Transmuter on May 25, 2015.
             Slain by a kobold
             ... wielding a +0 short sword
              (7 damage)
             ... on level 1 of the Dungeon.
             The game lasted 00:01:06 (387 turns).

Hanyuu the Insei (Octopode Transmuter)               Turns: 387, Time: 00:01:07

Health: -1/18      AC:  1    Str:  9    XL:     2   Next: 45%
Magic:  12/14      EV: 12    Int: 15    God:
Gold:   44         SH:  0    Dex: 12    Spells: 1 memorised, 4 levels left

rFire  . . .     SeeInvis .       - Unarmed
rCold  . . .     Clarity  .     (no shield)
rNeg   . . .     SustAt   .     (helmet restricted)
rPois  .         Gourm    .     (no amulet)
rElec  .         Spirit   .     g - ring of magical power
rCorr  .         Warding  .     (no ring)
rMut   .         Stasis   .     (no ring)
MR     .....                    (no ring)
Stlth  ++........               (no ring)
                                (no ring)
                                (no ring)
                                (no ring)

@: not resistant to hostile enchantments, unstealthy
A: almost no armour, amphibious, 8 rings, constrict 8, camouflage 1, gelatinous
body 1
a: no special abilities


You were on level 1 of the Dungeon.
You were not hungry.

You visited 1 branch of the dungeon, and saw 1 of its levels.

You collected 44 gold pieces.

Inventory:

Missiles
 a - 12 arrows
 j - 3 curare-tipped needles
Jewellery
 g - a ring of magical power (left tentacle)
Scrolls
 d - 3 scrolls of teleportation {unknown}
 e - a scroll of amnesia {unknown}
 k - a scroll of random uselessness {unknown}
Potions
 h - a potion of might {unknown}
 i - a potion of curing {unknown}
Books
 b - a book of Changes

   Spells                             Type                      Level
   a - Beastly Appendage              Transmutation                1
   b - Sticks to Snakes               Transmutation                2
   c - Spider Form                    Transmutation/Poison         3
   d - Ice Form                       Ice/Transmutation            4
   e - Blade Hands                    Transmutation                5
Comestibles
 c - a bread ration
 f - a beef jerky
 l - 2 chunks of flesh


   Skills:
 - Level 1.0 Fighting
 - Level 2.0 Dodging
 + Level 3.8 Unarmed Combat
 - Level 2.0 Spellcasting
 - Level 2.0 Transmutations


You had 4 spell levels left.
You knew the following spells:

 Your Spells              Type           Power        Failure   Level  Hunger
a - Beastly Appendage     Trmt           #.....       12%         1    #......


Dungeon Overview and Level Annotations

Branches:
Dungeon (1/15)

Altars:
Ashenzari


Innate Abilities, Weirdness & Mutations

You cannot wear most types of armour.
You are amphibious.
You can wear up to eight rings at the same time.
You can use your tentacles to constrict eight enemies at once.
Your skin changes colour to match your surroundings (Stealth).
Your rubbery body absorbs attacks (AC +1).


Message History

The kobold moves out of view.
Found a grey potion and 4 gold pieces.
The kobold shouts!
The kobold barely misses you.
You tentacle-slap the kobold but do no damage.
Your grab misses the kobold. Your squeeze misses the kobold.
The kobold barely misses you. The kobold misses you.
You barely miss the kobold. You grab the kobold.
You constrict the kobold, but do no damage.
The kobold hits you but does no damage. The kobold completely misses you.
The hobgoblin barely misses you.
You tentacle-slap the kobold.
The kobold is severely wounded.
You constrict the kobold, but do no damage.
The kobold barely misses you. The kobold hits you with a short sword.
The hobgoblin hits you with a club.
You tentacle-slap the kobold but do no damage.
The kobold is severely wounded.
You constrict the kobold. The kobold hits you with a short sword!
You die...

#.# ....... #......##..####. ##.#
.......##.............#. #..#
........#.............#. #.##
....!.##....###.#...## #.#
#.#...#.# #.##.... #.###
##.....#.# #.###### ....#
##.>...##.# ..# #### ....#
##...#.###.. ## ##...
....#####..##...@....# ##....
.....†.........KKg.(.... ##.....
....#####.#####.$#.[$............
....# #.# K...........###......
....# #.# .#####..........#....
....#####.##.# ....#..#####...
###..).......#### #.## ###.
#.............. ## #.
#..........### #..


You could see a hobgoblin and 2 kobolds.

Vanquished Creatures
  4 hobgoblins (D:1)
  3 jackals (D:1)
  A kobold (D:1)
  A bat (D:1)
  A giant newt (D:1)
  A goblin (D:1)
  3 rats (D:1)
14 creatures vanquished.

Notes
Turn   | Place    | Note
--------------------------------------------------------------
     0 | D:1      | Hanyuu the Octopode Transmuter began the quest for the Orb.
     0 | D:1      | Reached XP level 1. HP: 13/13 MP: 3/3
   128 | D:1      | Reached XP level 2. HP: 12/18 MP: 5/5
   146 | D:1      | Found a shattered altar of Ashenzari.
   387 | D:1      | Slain by a kobold

Vault maps used:
D:1:      dpeg_arrival_tiny_i, evilmike_ruin_ashenzari

Action                   || total
-------------------------++-------
Melee: Unarmed           ||    36
 Stab: Sleeping          ||     3
